 Dungeon Crawl Stone Soup version 0.26-a0-708-g17f3b190f9 (webtiles) character file.

Game seed: 12674731370996136041

556626 marklar909 the Axe Maniac (level 27, -6/273 HPs)
             Began as a Hill Orc Monk on Oct 30, 2020.
             Was the Champion of Qazlal.
             Killed from afar by an acid blob (8 damage)
             ... with a splash of acid
             ... while paralysed by a floating eye
             ... on level 2 of the Pits of Slime.
             The game lasted 02:54:22 (76145 turns).

marklar909 the Axe Maniac (Hill Orc Monk)          Turns: 76145, Time: 02:54:22

Health: -6/273     AC: 14    Str: 35    XL:     27
Magic:  38/38      EV:  2    Int: 13    God:    Qazlal [******]
Gold:   4720       SH:  0    Dex: 14    Spells: 13/28 levels left

rFire    + . .     SeeInvis +   b - +9 executioner's axe (elec)
rCold    + + .     Faith    .   (shield currently unavailable)
rNeg     + + .     Spirit   .   i - +0 chain mail of Grace {rPois rCorr Str+8 Dex-5}
rPois    +         Reflect  +   C - +2 helmet {SInv}
rElec    +         Harm     .   f - +0 cloak of Leapfrog {+Fly rElec rF+ rN+}
rCorr    +         Rampage  +   K - +0 pair of fencer's gloves {Riposte Dex+3}
MR       +++..                  z - +2 pair of boots {rampage}
Stlth    ..........             N - amulet "Archept" {Reflect *Slow +Blink rC+ SH+5}
HPRegen  0.55/turn              H - ring of Sojuful {rN+ Int+3 Dex+3}
MPRegen  0.26/turn              W - ring of protection from magic

@: paralysed, protected from cold, corroded, repel missiles
A: no striking features
}: 2/15 runes: decaying, serpentine
a: Upheaval, Elemental Force, Disaster Area, Renounce Religion, Evoke Blink,
Evoke Flight


You were on level 2 of the Pits of Slime.
You worshipped Qazlal.
Qazlal was exalted by your worship.
You visited 10 branches of the dungeon, and saw 48 of its levels.
You also visited: Bailey, Ice Cave and Wizlab.

You collected 7680 gold pieces.
You spent 2960 gold pieces at shops.

Inventory:

Hand Weapons
 b - a +9 executioner's axe of electrocution (weapon)
 B - a +5 antimagic battleaxe
Missiles
 t - 16 silver javelins
 F - 16 javelins (quivered)
Armour
 a - the +14 crystal plate armour "Otash" {+Inv rElec rC- Int+3}
   (You found it in an ice cave)

   It affects your intelligence (+3).
   It makes you vulnerable to cold.
   It insulates you from electricity.
   It lets you turn invisible.
 f - the +0 cloak of Leapfrog (worn) {+Fly rElec rF+ rN+}
   (You found it on level 3 of the Depths)

   It protects you from fire.
   It insulates you from electricity.
   It protects you from negative energy.
   It lets you fly.
 i - the +0 chain mail of Grace (worn) {rPois rCorr Str+8 Dex-5}
   (You acquired it on level 10 of the Dungeon)

   It affects your strength (+8).
   It affects your dexterity (-5).
   It protects you from poison.
   It provides partial protection from all sources of acid and corrosion.
 z - a +2 pair of boots of rampaging (worn)
 C - a +2 helmet of see invisible (worn)
 K - the +0 pair of fencer's gloves (worn) {Riposte Dex+3}
   (You found it on level 3 of the Elven Halls)

   It affects your dexterity (+3).
Jewellery
 n - an uncursed amulet of regeneration
 H - the ring of Sojuful (left hand) {rN+ Int+3 Dex+3}
   (You found it on level 3 of the Crypt)

   [ring of positive energy]

   It affects your intelligence (+3).
   It affects your dexterity (+3).
   It protects you from negative energy.
 I - an uncursed ring of protection from cold
 N - the amulet "Archept" (around neck) {Reflect *Slow +Blink rC+ SH+5}
   (You took it off a deep elf annihilator on level 3 of the Elven Halls)

   [amulet of reflection]

   It shields you and reflects attacks.
   It protects you from cold.
   It lets you blink.
   It may slow you when you take damage.
   It affects your SH (+5).
 S - an uncursed ring of resist corrosion
 W - a ring of protection from magic (right hand)
Wands
 v - a wand of digging (7)
 G - a wand of iceblast (34)
 R - a wand of disintegration (24)
 Y - a wand of acid (19)
Scrolls
 d - 22 scrolls of remove curse
 g - 12 scrolls of immolation
 j - 2 scrolls of silence
 o - 23 scrolls of teleportation
 r - 15 scrolls of amnesia
 x - 5 scrolls of magic mapping
 y - 2 scrolls of holy word
 A - 18 scrolls of identify
 L - 14 scrolls of blinking
 M - 7 scrolls of fog
 X - 6 scrolls of fear
Potions
 c - 21 potions of curing
 e - 12 potions of berserk rage
 k - 11 potions of heal wounds
 l - a potion of ambrosia
 m - 8 potions of haste
 p - 5 potions of mutation
 q - 9 potions of might
 s - 15 potions of lignification
 u - 3 potions of magic
 w - 6 potions of flight
 D - 2 potions of cancellation
 E - 3 potions of resistance
 J - 6 potions of brilliance
Miscellaneous
 h - a phial of floods
 O - a box of beasts (3/3)
 T - a lightning rod (4/4)
 U - a phantom mirror
 Z - a condenser vane (2/2)


   Skills:
 O Level 27 Fighting
 O Level 27 Axes
   Level 6.7(17.1) Maces & Flails
   Level 2.7(16.3) Polearms
 * Level 9.7 Throwing
 * Level 19.1 Armour
 * Level 13.4 Dodging
 - Level 2.4 Stealth
 * Level 1.2 Spellcasting
 * Level 0.2 Necromancy
 * Level 0.1 Translocations
 * Level 0.2 Transmutations
 * Level 0.3 Ice Magic
 * Level 0.5 Earth Magic
 * Level 22.7 Invocations
 * Level 14.1 Evocations


You had 13 spell levels left.
You knew the following spells:

 Your Spells              Type           Power        Failure   Level
a - Blink                 Tloc           N/A          67%         2
b - Frozen Ramparts       Ice            #.....       86%         3
c - Dispel Undead         Necr           #.......     99%         4
d - Statue Form           Tmut/Erth      #........    100%        6

Your spell library contained the following spells:

 Spells                   Type           Power        Failure   Level
 Sandblast                Erth           #.....       45%         1
 Freeze                   Ice            #...         50%         1
 Animate Skeleton         Necr           #.....       52%         1
 Apportation              Tloc           #.....       52%         1
 Pain                     Necr           #...         52%         1
 Sting                    Tmut/Pois      #...         52%         1
 Corona                   Hex            #......      54%         1
 Foxfire                  Conj/Fire      #...         54%         1
 Magic Dart               Conj           #...         54%         1
 Shock                    Conj/Air       #...         54%         1
 Summon Small Mammal      Summ           #...         54%         1
 Passwall                 Tmut/Erth      #.......     63%         2
 Sublimation of Blood     Necr           #.........   65%         2
 Corpse Rot               Necr/Air       N/A          67%         2
 Ensorcelled Hibernation  Hex/Ice        #.....       67%         2
 Call Imp                 Summ           #.......     69%         2
 Slow                     Hex            #.......     69%         2
 Swiftness                Air            #.......     69%         2
 Ozocubu's Armour         Ice            #.......     86%         3
 Stone Arrow              Conj/Erth      #.....       86%         3
 Vampiric Draining        Necr           #.........   87%         3
 Gell's Gravitas          Tloc           #.........   88%         3
 Ignite Poison            Fire/Tmut/Pois #.......     88%         3
 Lesser Beckoning         Tloc           #.........   88%         3
 Portal Projectile        Hex/Tloc       #.....       88%         3
 Call Canine Familiar     Summ           #.......     89%         3
 Confusing Touch          Hex            #.......     89%         3
 Conjure Flame            Conj/Fire      #.......     89%         3
 Dazzling Flash           Conj/Hex       #.....       89%         3
 Inner Flame              Hex/Fire       #.......     89%         3
 Mephitic Cloud           Conj/Pois/Air  #.......     89%         3
 Static Discharge         Conj/Air       #.......     89%         3
 Summon Guardian Golem    Hex/Summ       #.......     89%         3
 Tukima's Dance           Hex            #.......     89%         3
 Animate Dead             Necr           #.........   99%         4
 Hailstorm                Conj/Ice       #.......     99%         4
 Ice Form                 Ice/Tmut       #.......     99%         4
 Leda's Liquefaction      Hex/Erth       #.........   99%         4
 Petrify                  Tmut/Erth      #.......     99%         4
 Summon Ice Beast         Ice/Summ       #.......     99%         4
 Airstrike                Air            #.........   100%        4
 Cause Fear               Hex            #.........   100%        4
 Olgreb's Toxic Radiance  Pois           #.......     100%        4
 Sticky Flame             Conj/Fire      #.......     100%        4
 Summon Lightning Spire   Summ/Air       #.......     100%        4
 Agony                    Necr           #.......     100%        5
 Alistair's Intoxication  Tmut/Pois      #........    100%        5
 Bolt of Magma            Conj/Fire/Erth #.........   100%        5
 Borgnjor's Vile Clutch   Necr/Erth      #.........   100%        5
 Fireball                 Conj/Fire      #.........   100%        5
 Irradiate                Conj/Tmut      #.........   100%        5
 Iskenderun's Battlesphe  Conj           #.......     100%        5
 Lee's Rapid Deconstruct  Erth           #.........   100%        5
 Lightning Bolt           Conj/Air       #.........   100%        5
 Metabolic Englaciation   Hex/Ice        #.........   100%        5
 Summon Demon             Summ           #.........   100%        5
 Summon Forest            Summ/Tloc      #.........   100%        5
 Summon Mana Viper        Hex/Summ       #.......     100%        5
 Yara's Violent Unravell  Hex/Tmut       #.........   100%        5
 Conjure Ball Lightning   Conj/Air       #.........   100%        6
 Death Channel            Necr           #.........   100%        6
 Eringya's Noxious Bog    Tmut/Pois      #.........   100%        6
 Freezing Cloud           Conj/Ice/Air   #.........   100%        6
 Hydra Form               Tmut           #.........   100%        6
 Invisibility             Hex            #.......     100%        6
 Iron Shot                Conj/Erth      #.........   100%        6
 Shadow Creatures         Summ           N/A          100%        6
 Simulacrum               Ice/Necr       #.........   100%        6
 Dragon Form              Tmut           #.........   100%        7
 Haunt                    Necr/Summ      #.........   100%        7
 Malign Gateway           Summ/Tloc      #.........   100%        7
 Orb of Destruction       Conj           #.........   100%        7
 Spellforged Servitor     Conj/Summ      #.........   100%        7
 Summon Hydra             Summ           #.........   100%        7
 Borgnjor's Revivificati  Necr           #.........   100%        8
 Chain Lightning          Conj/Air       #.........   100%        8
 Infestation              Necr           #.........   100%        8
 Lehudib's Crystal Spear  Conj/Erth      #.........   100%        8
 Necromutation            Tmut/Necr      #.........   100%        8
 Absolute Zero            Ice            #.........   100%        9
 Death's Door             Necr           #.........   100%        9
 Fire Storm               Conj/Fire      #.........   100%        9


Dungeon Overview and Level Annotations

Branches:
Dungeon (15/15)            Temple (0/1) D:4            Lair (6/6) D:10
  Swamp (4/4) Lair:2        Snake (4/4) Lair:2        Slime (2/5) Lair:6
    Orc (2/2) D:11            Elf (3/3) Orc:2        Vaults (4/5) D:14
  Crypt (3/3) Vaults:2       Tomb (0/3) Crypt:3      Depths (5/5) D:15
    Zot (0/5) Depths:5     Bailey (visited)           IceCv (visited)
 WizLab (visited)

Altars:
Ashenzari
Cheibriados
Dithmenos
Elyvilon
Gozag
Hepliaklqana
Kikubaaqudgha
Nemelex Xobeh
Okawaru
Qazlal
Ru
Sif Muna
Trog
Uskayaw
Vehumet
Xom
Yredelemnul
Zin
The Shining One
Beogh
Jiyva

Shops:
D:5 *   D:8 [   D:12 =   Orc:1 !   Orc:2 [=[?   Elf:2 (   Snake:4 (?[:[
Vaults:3 (   Vaults:4 (   Depths:1 *   Depths:3 }   Depths:4 }}=

Portals:
Hell: Depths:1 Depths:2 Depths:3 Depths:4 Depths:5
Abyss: Elf:1 Depths:4
Pandemonium: Depths:1 Depths:3
Ziggurat: Depths:1
Trove: D:13 (give dagger "Helenoal")

Annotations:
Lair:4 exclusion: 3 oklob plants
Elf:1 2 transporters, Mayja's ghost, veteran DDBe
Depths:2 1 runed translucent door


Message History

* * * LOW HITPOINT WARNING * * *
A slime creature comes into view.
The slime creature quivers.
The acid blob hits you but does no damage.
The azure jelly hits you.
* * * LOW HITPOINT WARNING * * *
The azure jelly freezes you. You resist.
You feel more protected from cold.
* * * LOW HITPOINT WARNING * * *
The azure jelly hits you!
* * * LOW HITPOINT WARNING * * *
The azure jelly freezes you! You resist.
You feel more protected from cold.
* * * LOW HITPOINT WARNING * * *
The azure jelly hits you but does no damage. x2
The floating eye gazes piercingly through you!
You shrug off the repeated paralysis!
The acid blob spits acid at you. The splash of acid hits you! You resist.
You die...

# ## ###
.##.#.##.###
.....§..○§.###
.....§.○.○...###
......J@§○......
.<...°JJ§.......
.....°.G........
................
..............#.
..........J....#
>......G.....J..
........#...J...


You could see 2 acid blobs, an azure jelly, 3 slime creatures, an eye of
devastation and a floating eye.

Vanquished Creatures
  Mara (Swamp:3)
  2 ancient liches
  A juggernaut (Depths:2)
  Sojobo (Vaults:4)
  Bai Suzhen (Depths:1)
  Frederick (Crypt:1)
  Margery (Depths:2)
  The ghost of eruonna the Slayer, a veteran HOBe of Trog (Vaults:1)
  A caustic shrike (Depths:2)
  A golden dragon (Depths:1)
  4 bone dragons
  the Enchantress (Depths:5)
  An electric golem (WizLab)
  5 tentacled monstrosities
  10 liches
  2 deep elf blademasters (Elf:3)
  2 deep elf master archers (Elf:3)
  3 sphinxes
  5 ancient champions
  Kirke (Lair:6)
  5 tengu reavers
  7 azure jellies
  3 shadow dragons
  3 storm dragons
  5 revenants
  11 fire giants
  8 vault wardens
  6 nagarajas (Snake:4)
  8 deep elf sorcerers (Elf:3)
  11 frost giants
  A balrug (Depths:1)
  4 deep elf elementalists
  2 large abominations
  4 spriggan defenders (Depths:5)
  A draconian shifter (Depths:5)
  Louise (Snake:2)
  A draconian annihilator (Depths:5)
  6 war gargoyles
  10 ghouls
  18 very ugly things
  7 stone giants
  A juggernaut skeleton (Crypt:1)
  9 ironheart preservers
  An entropy weaver (Vaults:4)
  8 vampire knights
  5 deep elf annihilators
  4 deep elf demonologists
  A purple draconian (Depths:5)
  A black draconian (Depths:5)
  A red draconian (Depths:5)
  2 white draconians (Depths:5)
  A yellow draconian (Depths:5)
  12 ettins
  A blizzard demon (Depths:3)
  2 eidola
  9 spark wasps
  5 crystal guardians
  7 deep elf death magi
  5 green deaths (Depths:4)
  Erolcha (D:11)
  5 jiangshi
  Fannar (D:11)
  6 fire dragons
  5 deep elf high priests
  10 ogre magi
  2 quicksilver dragon skeletons (Crypt:3)
  5 yaktaur captains
  6 rakshasas
  12 ice dragons
  A monstrous demonspawn (Depths:1)
  9 great orbs of eyes
  3 vault guards (Vaults:3)
  3 shambling mangroves
  Erica (D:9)
  5 boulder beetles
  21 hydras
  12 naga warriors
  8 anacondas
  3 ghost crabs
  8 spriggan air magi
  10 centaur warriors
  33 dancing weapons
  34 two-headed ogres
  3 death yaks
  9 deep troll earth magi
  13 tengu warriors
  4 death knights
  13 deep troll shamans
  16 alligators
  5 orc high priests
  A shock serpent (shapeshifter) (Depths:5)
  2 titan zombies
  10 spriggan berserkers
  5 shock serpents
  7 vampire magi
  14 naga sharpshooters
  3 soul eaters
  A titan skeleton (Crypt:1)
  3 iron golems (WizLab)
  26 deep elf knights
  15 hell knights
  A fire crab (shapeshifter) (Depths:3)
  A salamander mystic (Snake:4)
  A shadow wraith (Crypt:2)
  32 skeletal warriors
  A fire crab (Lair:6)
  A death drake (shapeshifter) (Depths:1)
  A golden dragon zombie (Crypt:3)
  15 unseen horrors
  40 deep trolls
  3 iron trolls
  A sea snake (Vaults:1)
  A death drake (Vaults:1)
  A spriggan druid (Swamp:2)
  4 glowing orange brains
  7 naga ritualists
  3 swamp dragons
  8 harpies
  An anaconda zombie (Crypt:3)
  5 phantasmal warriors
  17 deep elf archers
  3 spectral hydras (Swamp:4)
  14 necromancers
  12 wizards
  2 orange crystal statues
  4 flayed ghosts
  68 deep elf magi
  7 ironbrand convokers
  A wolf spider zombie (D:13)
  20 orc knights
  A shadow dragon zombie (Crypt:3)
  A lindwurm (Lair:6)
  8 mana vipers
  2 iron dragon zombies
  A fire giant zombie (Crypt:3)
  A wolf spider (Vaults:3)
  A salamander (shapeshifter) (Vaults:4)
  52 ugly things
  9 orc sorcerers
  An oklob plant (Snake:1)
  3 manticores
  5 cyclopes
  A moth of wrath (shapeshifter) (D:13)
  2 worldbinders (Vaults:1)
  9 salamanders
  A guardian serpent (shapeshifter) (Vaults:4)
  A toenail golem (WizLab)
  5 centaur zombies (D:13)
  4 vault sentinels
  63 black mambas
  3 molten gargoyles (Lair:6)
  2 stone giant skeletons (Crypt:3)
  33 naga magi
  9 ice statues
  6 elephants
  Psyche (D:9)
  A guardian serpent (Snake:1)
  A rust devil (Depths:1)
  Joseph (Lair:1)
  Maurice (D:11)
  A smoke demon (Depths:1)
  A torpor snail (Lair:4)
  5 gargoyles
  23 cane toads
  A minotaur zombie (Crypt:1)
  3 centaur skeletons
  19 komodo dragons
  4 swamp worm zombies (Swamp:4)
  6 rime drakes
  An efreet (D:14)
  2 anaconda simulacra (IceCv)
  8 freezing wraiths
  25 yaktaurs
  6 tengu conjurers
  3 hydra zombies (Swamp:4)
  5 ice devils
  2 meliai (shapeshifter)
  A jumping spider (Vaults:4)
  3 polar bears
  A hornet (shapeshifter) (Depths:5)
  A meliai (D:14)
  12 trolls
  30 hornets
  8 tyrant leeches
  11 bog bodies
  28 blink frogs
  A fire giant simulacrum (Crypt:2)
  66 slime creatures
  A spectral swamp dragon (Swamp:4)
  A meliai zombie (D:12)
  A wind drake (shapeshifter) (Vaults:2)
  11 dream sheep (Lair:6)
  An ice dragon zombie (Crypt:1)
  4 alligator zombies (Swamp:4)
  5 air elementals
  A fire dragon skeleton (Crypt:3)
  5 redbacks
  An ice dragon skeleton (Crypt:2)
  3 shadows
  2 vampires
  A spriggan (shapeshifter) (Depths:5)
  2 dire elephant simulacra (IceCv)
  34 flying skulls (Crypt:3)
  4 water elementals
  7 basilisks
  A black mamba zombie (Crypt:2)
  36 yaks
  A tarantella (Vaults:1)
  7 wyverns
  8 wraiths
  16 spriggans
  2 hogs (Lair:6)
  2 steam dragons
  A neqoxec (Depths:1)
  2 golden eyes (Vaults:1)
  2 fire elementals (Elf:2)
  27 vampire mosquitoes
  6 wargs
  A harpy simulacrum (IceCv)
  46 nagas
  7 insubstantial wisps (Swamp:4)
  2 iron troll simulacra (IceCv)
  A gelid demonspawn zombie (Crypt:2)
  12 swamp worms
  3 acid dragons
  17 water moccasins
  A floating eye (Depths:5)
  A floating eye (shapeshifter) (Vaults:1)
  5 hell hounds (Lair:6)
  2 cane toad zombies
  10 swamp drakes
  2 hydra simulacra (IceCv)
  2 black bears
  3 fire dragon simulacra (Vaults:1)
  6 sky beasts
  57 orc warriors
  4 swamp dragon zombies (Swamp:4)
  10 ice beasts
  14 phantoms
  A snapping turtle zombie (Crypt:1)
  An eye of draining (D:11)
  A hornet zombie (D:15)
  15 necrophages
  2 black mamba simulacra (Vaults:1)
  23 boggarts
  29 ogres
  12 wolves
  A manticore zombie (Crypt:2)
  2 human skeletons (Vaults:1)
  20 centaurs
  A lindwurm skeleton (Crypt:2)
  8 big kobolds
  A komodo dragon zombie (Crypt:2)
  An elf zombie (Crypt:2)
  10 bullfrogs
  9 earth elementals
  A water moccasin zombie (D:11)
  2 wyvern skeletons
  2 scorpions
  A human simulacrum (Vaults:1)
  An elephant simulacrum (Vaults:1)
  13 killer bees
  21 wights
  7 howler monkeys
  A spriggan skeleton (Crypt:1)
  2 electric eels
  2 bullfrog zombies
  11 lava snakes
  2 crimson imps
  5 hounds
  8 jellies
  35 orc priests
  2 quasits
  3 bullfrog skeletons
  A hound (shapeshifter) (Depths:2)
  2 iron imps
  A gnoll shaman (D:10)
  2 iguanas
  38 orc wizards
  A troll simulacrum (Vaults:1)
  17 worker ants
  4 spectral swamp drakes (Swamp:4)
  A deep dwarf zombie (Crypt:1)
  5 hound zombies
  A worker ant zombie (D:6)
  11 adders
  5 gnolls
  A naga simulacrum (Vaults:1)
  A steam dragon zombie (Crypt:1)
  3 shadow imps
  4 white imps
  2 ufetubi
  An ooze (shapeshifter) (Vaults:2)
  An adder zombie (D:7)
  2 adder skeletons
  4 worms
  A dart slug (D:1)
  11 leopard geckos
  137 orcs
  8 bats
  A bat skeleton (Crypt:2)
  A giant cockroach (D:4)
  10 goblins
  6 hobgoblins
  11 jackals
  4 quokkas
  5 ball pythons
  4 frilled lizards
  A jackal skeleton (D:7)
  A jackal zombie (Crypt:2)
  51 kobolds
  A leopard gecko skeleton (D:5)
  5 rats
  2 butterflies (Lair:3)
  4 crawling corpses
  A plant (Depths:1)
2407 creatures vanquished.

Vanquished Creatures (collateral kills)
  Rupert (Lair:4)
  Frances (Lair:2)
  A deep elf blademaster (Elf:3)
  2 frost giants (Depths:2)
  Aizul (Snake:2)
  Josephine (Lair:3)
  A centaur warrior (Vaults:2)
  A deep troll earth mage (Vaults:2)
  A two-headed ogre (Vaults:2)
  A hell knight (Depths:2)
  A deep elf knight (Vaults:2)
  Urug (Lair:3)
  A skeletal warrior (Depths:4)
  A deep elf mage (Vaults:2)
  A harpy (shapeshifter) (Vaults:2)
  2 slime creatures (Depths:1)
  A warg (Vaults:2)
  A boggart (Depths:1)
  A wight (D:9)
  An orc (Vaults:4)
22 creatures vanquished.

Vanquished Creatures (others)
  A war gargoyle (WizLab)
  A deep elf knight (Vaults:2)
  A deep elf archer (Elf:2)
  A tyrant leech (Swamp:2)
  A vampire mosquito (Swamp:2)
  3 humans (Lair:6)
  A naga (Snake:4)
  A water moccasin (Lair:6)
  A wolf (Lair:4)
  2 orc wizards
  A leopard gecko (D:2)
  An orc (Orc:2)
  A rat (D:2)
  A bush (Lair:6)
  A crawling corpse (Elf:3)
  43 fungi
  75 plants
  3 toadstools (Depths:1)
139 creatures vanquished.

Grand Total: 2568 creatures vanquished

Notes
Turn   | Place    | Note
-------+----------+-------------------------------------------
     0 | D:1      | marklar909 the Hill Orc Monk began the quest for the Orb.
     0 | D:1      | Reached XP level 1. HP: 19/19 MP: 1/1
   173 | D:1      | Reached XP level 2. HP: 27/27 MP: 2/2
  1148 | D:2      | Reached XP level 3. HP: 33/33 MP: 3/3
  1179 | D:2      | Found a white marble altar of Elyvilon.
  1502 | D:2      | Found a hazy altar of Hepliaklqana.
  1827 | D:3      | Reached skill level 5 in Axes
  1827 | D:3      | Reached XP level 4. HP: 39/40 MP: 4/4
  1992 | D:3      | Found a stormy altar of Qazlal.
  2012 | D:3      | Became a worshipper of Qazlal Stormbringer
  2012 | D:3      | Reached * piety under Qazlal
  2012 | D:3      | Reached ** piety under Qazlal
  2347 | D:3      | Found a faded altar of an unknown god.
  2353 | D:3      | Reached skill level 1 in Armour
  2552 | D:4      | Reached XP level 5. HP: 47/47 MP: 5/5
  3079 | D:4      | Found a staircase to the Ecumenical Temple.
  3093 | D:4      | Found a white marble altar of Elyvilon.
  3132 | D:4      | Reached XP level 6. HP: 52/53 MP: 6/6
  3205 | D:4      | Noticed a phantom
  3224 | D:4      | Killed a phantom
  3224 | D:4      | Reached skill level 5 in Fighting
  3588 | D:4      | Reached XP level 7. HP: 61/61 MP: 7/7
  3950 | D:4      | Found an opulent altar of Gozag.
  3952 | D:4      | Found a sparkling altar of Nemelex Xobeh.
  4044 | D:5      | Entered Level 5 of the Dungeon
  4441 | D:5      | Found an opulent altar of Gozag.
  4977 | D:5      | Reached XP level 8. HP: 63/69 MP: 8/8
  4996 | D:5      | Reached *** piety under Qazlal
  5161 | D:5      | Reached skill level 5 in Armour
  5168 | D:5      | Reached skill level 1 in Invocations
  5431 | D:5      | Found Gozag's Platinum Reserve.
  6376 | D:6      | Reached **** piety under Qazlal
  6643 | D:7      | Reached XP level 9. HP: 73/78 MP: 11/11
  6663 | D:7      | Reached skill level 10 in Axes
  7156 | D:7      | Found a flagged portal.
  7235 | Bailey   | Entered a bailey
  7388 | Bailey   | Reached skill level 1 in Throwing
  7388 | Bailey   | Reached skill level 5 in Invocations
  7933 | Bailey   | Reached skill level 1 in Evocations
  8122 | Bailey   | Noticed an orc knight
  8188 | Bailey   | Reached XP level 10. HP: 84/86 MP: 14/14
  8386 | Bailey   | Killed an orc knight
  8780 | Bailey   | Found a roughly hewn altar of Beogh.
  9392 | D:7      | Found a glowing golden altar of the Shining One.
  9393 | D:7      | Found a glowing silver altar of Zin.
  9393 | D:7      | Found a snail-covered altar of Cheibriados.
  9393 | D:7      | Found a sacrificial altar of Ru.
  9395 | D:7      | Found a broken altar of Ashenzari.
  9397 | D:7      | Found a radiant altar of Vehumet.
  9398 | D:7      | Found a bloodstained altar of Trog.
 10473 | D:8      | Found Holoril's Antique Armour Shoppe.
 10654 | D:9      | Noticed Psyche
 10669 | D:9      | Killed Psyche
 11118 | D:9      | Noticed Erica
 11126 | D:9      | Killed Erica
 11126 | D:9      | Reached XP level 11. HP: 71/95 MP: 14/16
 11572 | D:9      | Noticed a manticore
 11581 | D:9      | Killed a manticore
 11581 | D:9      | Reached skill level 5 in Dodging
 11974 | D:10     | Entered Level 10 of the Dungeon
 12174 | D:10     | Noticed a two-headed ogre
 12686 | D:9      | Killed a two-headed ogre
 12816 | D:10     | Found a staircase to the Lair.
 13001 | D:10     | Noticed a two-headed ogre
 13012 | D:10     | Killed a two-headed ogre
 13406 | D:10     | Found a hide-covered altar of Uskayaw.
 14162 | D:11     | Noticed Erolcha
 14171 | D:11     | Noticed a red ugly thing
 14237 | D:10     | Killed a red ugly thing
 14457 | D:11     | Killed Erolcha
 14457 | D:11     | Reached skill level 10 in Fighting
 14503 | D:11     | Noticed a seven-headed hydra
 14511 | D:11     | Identified the +6 trident of Siraefay {holy, rC+ rN+}
 14511 | D:11     | Noticed Fannar
 15000 | D:11     | Noticed a boulder beetle
 15081 | D:11     | Killed Fannar
 15251 | D:11     | Reached XP level 12. HP: 97/107 MP: 19/19
 15560 | D:11     | Noticed a four-headed hydra
 15571 | D:10     | Noticed an anaconda
 15571 | D:10     | a boulder beetle changed into an anaconda
 15575 | D:10     | Killed an anaconda
 15770 | D:10     | Killed a four-headed hydra
 15770 | D:10     | Reached skill level 5 in Throwing
 15770 | D:10     | Reached skill level 10 in Invocations
 15911 | D:11     | Killed an eight-headed hydra
 15911 | D:11     | Reached skill level 1 in Maces & Flails
 16080 | D:11     | Found a staircase to the Orcish Mines.
 16143 | D:11     | Noticed Maurice
 16165 | D:11     | Killed Maurice
 16996 | D:12     | Reached skill level 10 in Armour
 17296 | D:12     | Found Jent's Jewellery Boutique.
 17327 | D:12     | Found a shadowy altar of Dithmenos.
 17376 | D:12     | Noticed a two-headed ogre
 17382 | D:12     | Killed a two-headed ogre
 17455 | D:12     | Found a runed translucent door.
 17747 | D:12     | Noticed an orc high priest
 17944 | D:13     | Reached skill level 15 in Axes
 17952 | D:13     | Reached XP level 13. HP: 104/118 MP: 21/21
 18101 | D:13     | Reached ***** piety under Qazlal
 18827 | D:13     | Found a portal to a secret trove of treasure.
 19265 | Lair:1   | Entered Level 1 of the Lair of Beasts
 20019 | Lair:1   | Identified the +4 ring mail "Sinazih" {rF++ rN+++ Slay-5
                  | SInv}
 20019 | Lair:1   | Noticed Joseph
 20041 | Lair:1   | Killed Joseph
 21118 | Lair:2   | Found a staircase to the Swamp.
 21125 | Lair:2   | Found a basalt altar of Yredelemnul.
 21156 | Lair:2   | Found a staircase to the Snake Pit.
 21164 | Lair:2   | Reached skill level 5 in Evocations
 21196 | Lair:2   | Reached XP level 14. HP: 129/132 MP: 23/23
 21875 | Lair:2   | Identified a scroll of acquirement
 21875 | Lair:2   | Acquired a +1 executioner's axe of electrocution
 21960 | D:8      | Bought a crude scale mail for 207 gold pieces
 21960 | D:8      | Identified the cursed +0 scale mail "Uryrixag" {rC+} (You
                  | bought it in a shop on level 8 of the Dungeon)
 21961 | D:8      | Bought a runed plate armour for 598 gold pieces
 22206 | Lair:3   | Noticed Urug
 22216 | Lair:3   | Killed Urug
 23205 | Lair:4   | Noticed Rupert
 23279 | Lair:3   | Reached skill level 15 in Fighting
 23591 | Lair:4   | Noticed Josephine
 23610 | Lair:3   | Killed Josephine
 24015 | Lair:4   | Killed Rupert
 25908 | Lair:5   | You fall into a shaft and drop 1 floor!
 25908 | Lair:6   | Entered Level 6 of the Lair of Beasts
 25943 | Lair:6   | Reached XP level 15. HP: 145/145 MP: 25/25
 26136 | Lair:6   | Noticed Kirke
 26143 | Lair:6   | Killed Kirke
 26527 | Lair:6   | Found an iron altar of Okawaru.
 26759 | Lair:6   | Found a runed translucent door.
 26760 | Lair:6   | Found a viscous altar of Jiyva.
 26760 | Lair:6   | Noticed an azure jelly
 26760 | Lair:6   | Noticed an azure jelly
 26760 | Lair:6   | Noticed an azure jelly
 26767 | Lair:6   | Found a staircase to the Slime Pits.
 27205 | Lair:6   | Found a large runed translucent door.
 27341 | Lair:6   | Found a large runed translucent door.
 27933 | Orc:1    | Entered Level 1 of the Orcish Mines
 28143 | Orc:2    | Entered Level 2 of the Orcish Mines
 28143 | Orc:2    | Found a staircase to the Elven Halls.
 28415 | Orc:2    | Reached ****** piety under Qazlal
 29069 | Orc:1    | Found Jeosh's Distillery.
 29103 | Orc:1    | Bought a potion of curing for 54 gold pieces
 29103 | Orc:1    | Bought a potion of heal wounds for 90 gold pieces
 29342 | Orc:2    | Found Kinawim's Armour Shop.
 29342 | Orc:2    | Found Aqoikot's Antique Armour Boutique.
 29343 | Orc:2    | Found Midghiow's Jewellery Boutique.
 29346 | Orc:2    | Found Hubeping's Magic Scroll Shop.
 29349 | Orc:2    | Bought a +0 cloak of magic resistance for 149 gold pieces
 29350 | Orc:2    | Bought a scroll of teleportation for 51 gold pieces
 29350 | Orc:2    | Bought a scroll of identify for 34 gold pieces
 29350 | Orc:2    | Bought a scroll of identify for 34 gold pieces
 29352 | Orc:2    | Bought a pair of embroidered boots for 217 gold pieces
 29558 | Orc:2    | Bought a masterwork scale mail for 261 gold pieces
 29558 | Orc:2    | Identified the +6 scale mail "Ifacs" {Str+6} (You bought it
                  | in a shop on level 2 of the Orcish Mines)
 29917 | Swamp:1  | Entered Level 1 of the Swamp
 29967 | Swamp:1  | Reached XP level 16. HP: 144/157 MP: 26/26
 29975 | Swamp:1  | Noticed Frances
 30021 | Lair:2   | Killed Frances
 31602 | Swamp:2  | Reached skill level 5 in Maces & Flails
 31908 | Swamp:2  | Reached skill level 15 in Invocations
 32265 | Swamp:3  | Noticed Mara
 32271 | Swamp:3  | Noticed marklar909's illusion
 32272 | Swamp:3  | Killed Mara
 33538 | Swamp:4  | Entered Level 4 of the Swamp
 33604 | Swamp:4  | Reached XP level 17. HP: 134/168 MP: 28/28
 35389 | Swamp:4  | Noticed a bone dragon
 35391 | Swamp:4  | Reached skill level 10 in Evocations
 35441 | Swamp:4  | Killed a bone dragon
 36345 | Swamp:4  | Got a decaying rune of Zot
 36678 | Snake:1  | Entered Level 1 of the Snake Pit
 36742 | Snake:1  | You fall into a shaft and drop 1 floor!
 36818 | Snake:2  | Identified the +2 tower shield of Circular Logic {rElec rN+
                  | Str+3}
 36818 | Snake:2  | Noticed Louise
 36842 | Snake:2  | Killed Louise
 37026 | Snake:2  | Noticed Aizul
 37044 | Snake:2  | Killed Aizul
 37172 | Snake:1  | Found a frozen archway.
 37186 | IceCv    | Entered an ice cave
 38173 | IceCv    | Got a spiked crystal plate armour
 38299 | Snake:1  | Got a pair of crude gloves
 38500 | Snake:1  | Reached XP level 18. HP: 138/182 MP: 30/30
 38889 | Snake:1  | Identified the +14 crystal plate armour "Otash" {+Inv rElec
                  | rC- Int+3} (You found it in an ice cave)
 39825 | Snake:2  | Identified the +0 pair of gloves "Dias Yfe" {MP+9} (You
                  | found it on level 1 of the Snake Pit)
 41030 | Snake:4  | Entered Level 4 of the Snake Pit
 41030 | Snake:4  | Found Loonul's Book Shoppe.
 41042 | Snake:4  | Found Mixkaoc's Magic Scroll Shoppe.
 41103 | Snake:4  | Found Ucat's Antique Armour Shoppe.
 41104 | Snake:4  | Found Hoveqots's Weapon Shoppe.
 43025 | Snake:4  | Bought a scroll of enchant weapon for 112 gold pieces
 43025 | Snake:4  | Bought a scroll of blinking for 112 gold pieces
 43025 | Snake:4  | Bought a scroll of blinking for 112 gold pieces
 43025 | Snake:4  | Bought a scroll of enchant weapon for 112 gold pieces
 43025 | Snake:4  | Bought a scroll of blinking for 112 gold pieces
 43025 | Snake:4  | Bought a scroll of identify for 30 gold pieces
 43025 | Snake:4  | Bought a scroll of identify for 30 gold pieces
 43302 | Snake:4  | Got a serpentine rune of Zot
 43681 | Snake:4  | Found Uxenag's Antique Armour Shop.
 43749 | Snake:4  | Identified the cursed +0 dagger of Ysemiohi {venom, rPois}
 43753 | Snake:4  | Reached XP level 19. HP: 191/191 MP: 31/31
 44289 | Elf:1    | Entered Level 1 of the Elven Halls
 45372 | Elf:1    | Noticed a profane servitor
 45377 | Elf:1    | Found a transporter.
 45394 | Elf:1    | You fall into a shaft and drop 1 floor!
 46046 | Elf:1    | Found a transporter.
 46058 | Elf:1    | Noticed Mayja's ghost (veteran DDBe)
 46058 | Elf:1    | Identified the +3 long sword "Zuts" {distort, *Slow MR+
                  | SInv}
 46075 | Elf:1    | Found a one-way gate to the infinite horrors of the Abyss.
 46490 | Elf:2    | Found a huge runed translucent gate.
 46490 | Elf:2    | Found a huge runed translucent gate.
 46491 | Elf:2    | Found a huge runed translucent gate.
 46626 | Elf:2    | Found Giytum's Antique Weapon Shoppe.
 46739 | Elf:2    | Found a huge runed translucent gate.
 46739 | Elf:2    | Found a huge runed translucent gate.
 46784 | Elf:3    | Entered Level 3 of the Elven Halls
 48010 | Elf:3    | Identified the amulet "Archept" {Reflect *Slow +Blink rC+
                  | SH+5}
 48079 | Elf:3    | Reached XP level 20. HP: 192/200 MP: 32/32
 48156 | Elf:3    | Identified the cursed +0 leather armour of the Elephant
                  | {rPois rN+}
 48156 | Elf:3    | Identified the amulet of Qaeplips {Acrobat Int+4}
 49393 | Elf:3    | Identified the +0 tower shield of Mysticism {rF- Regen+
                  | Int+2 Dex+9}
 49396 | Elf:3    | Identified the ring of Viuceat {rPois AC+4 Str+2}
 49460 | Elf:3    | Found the +0 pair of fencer's gloves {Riposte Dex+3}
 49462 | Elf:3    | Identified the Handbook of Hexes
 49464 | Elf:3    | Identified Roem's Handbook of the Frostbite and Battle
                  | Magic
 49467 | Elf:3    | Identified Lorphax's Handbook of Evil Rites and Cold
 49473 | Elf:3    | Identified Kasakkeu's Almanac of Floating Ignition
 50031 | Snake:4  | Bought an amethyst-encrusted chain mail for 389 gold pieces
 50031 | Snake:4  | Identified the +2 chain mail of the Comet {rPois Str+2}
                  | (You bought it in a shop on level 4 of the Snake Pit)
 50339 | D:12     | Found a roughly hewn altar of Beogh.
 50857 | D:14     | Found a gate to the Vaults.
 51248 | D:15     | Entered Level 15 of the Dungeon
 51497 | D:15     | Found a staircase to the Depths.
 51864 | Vaults:1 | Entered Level 1 of the Vaults
 52546 | Vaults:1 | Paralysed by a floating eye for 4 turns
 52608 | Vaults:1 | Reached XP level 21. HP: 210/210 MP: 34/34
 52641 | Vaults:1 | Identified the Guide on Intoxication
 53075 | Vaults:1 | Identified the Tome of the Snowflakes
 53167 | Vaults:1 | Identified Sif Muna's Grimoire of Hexes
 53209 | Vaults:1 | Found a runed translucent door.
 53209 | Vaults:1 | Found a shimmering altar of Xom.
 53209 | Vaults:1 | Noticed eruonna's ghost (veteran HOBe)
 53422 | Vaults:1 | Identified Goofur's Handbook of Companions
 54430 | Vaults:2 | Found a staircase to the Crypt.
 55045 | Vaults:2 | Reached skill level 10 in Dodging
 55993 | Vaults:3 | Reached XP level 22. HP: 179/220 MP: 35/35
 56979 | Vaults:3 | Found Piugh's Weapon Shop.
 57550 | Vaults:4 | Noticed Sojobo
 57562 | Vaults:4 | Killed Sojobo
 57835 | Vaults:4 | Found a radiant altar of Vehumet.
 57847 | Vaults:4 | Got an ancient hat
 57857 | Vaults:4 | Identified the +2 robe of the Barber Surgeon {rPois}
 57884 | Vaults:4 | Found a shimmering blue altar of Sif Muna.
 58023 | Vaults:4 | Found Deridon's Antique Weapon Emporium.
 58957 | Vaults:4 | Identified the +0 hat "Syas" {+Inv rElec Str+4 Int-5} (You
                  | found it on level 4 of the Vaults)
 59163 | D:10     | Acquired the +0 chain mail of Grace {rPois rCorr Str+8
                  | Dex-5}
 59327 | Depths:1 | Entered Level 1 of the Depths
 59330 | Depths:1 | Noticed Bai Suzhen
 59348 | Depths:1 | Killed Bai Suzhen
 59501 | Depths:1 | Reached skill level 15 in Armour
 59548 | Depths:1 | Reached XP level 23. HP: 205/229 MP: 37/37
 59632 | Depths:1 | Found a gateway to Hell.
 59641 | Depths:1 | Found Pimin's Demolitions Depot.
 59686 | Depths:1 | Found a one-way gate leading to the halls of Pandemonium.
 60088 | Depths:1 | Found a gateway to a ziggurat.
 61149 | Depths:2 | Noticed a juggernaut
 61164 | Depths:2 | Noticed a caustic shrike
 61521 | Depths:2 | Noticed a golden dragon
 61727 | Depths:1 | Killed a golden dragon
 61990 | Depths:2 | Killed a juggernaut
 62101 | Depths:2 | Killed a caustic shrike
 62106 | Depths:2 | Reached XP level 24. HP: 176/239 MP: 37/37
 62423 | Depths:2 | Noticed Margery
 62430 | Depths:2 | Killed Margery
 62523 | Depths:2 | Found a runed translucent door.
 62525 | Depths:2 | Noticed a juggernaut
 62527 | Depths:2 | Noticed a juggernaut
 63199 | Depths:3 | Found a magical portal.
 63206 | WizLab   | Entered Doroklohe's Tomb
 63839 | WizLab   | Got an ichor-stained ring mail
 63991 | Depths:3 | Found Wiggout's Gadget Shop.
 63997 | Depths:3 | Bought a wand of acid (4) for 256 gold pieces
 64711 | Depths:3 | Noticed an ancient lich
 64740 | Depths:3 | Killed an ancient lich
 65438 | Depths:3 | Reached skill level 27 in Axes
 65592 | Depths:3 | Got an ivory war axe
 65593 | Depths:3 | Identified the +8 war axe of the Eight Emperors {flame,
                  | Dex+2} (You found it on level 3 of the Depths)
 65616 | Depths:3 | Identified the cursed +0 cloak of Leapfrog {+Fly rElec rF+
                  | rN+} (You found it on level 3 of the Depths)
 65893 | Depths:4 | Found Noloiqosmi's Gadget Emporium.
 66034 | Depths:4 | Reached XP level 25. HP: 188/249 MP: 37/37
 66791 | Depths:4 | Found Sojafamo's Jewellery Boutique.
 66792 | Depths:4 | Found Juttyatt's Gadget Emporium.
 67388 | Depths:5 | Entered Level 5 of the Depths
 67861 | Depths:5 | Noticed the Enchantress
 67876 | Depths:5 | Killed the Enchantress
 68129 | Depths:5 | Found a gate to the Realm of Zot.
 68670 | D:10     | Identified the +1 ring mail of Duck's Teeth {+Blink} (You
                  | found it in a wizard's laboratory)
 69362 | Depths:5 | Got a bloodstained scale mail
 69363 | Depths:5 | Acquired 691 gold pieces
 69615 | D:10     | Identified the +4 scale mail the Living Kraken {Rampage}
                  | (You found it on level 5 of the Depths)
 69893 | Crypt:1  | Entered Level 1 of the Crypt
 70109 | Crypt:1  | Noticed Frederick
 70118 | Crypt:1  | Killed Frederick
 70118 | Crypt:1  | Reached skill level 1 in Polearms
 70296 | Crypt:1  | Reached XP level 26. HP: 259/261 MP: 38/38
 71838 | Crypt:3  | Entered Level 3 of the Crypt
 72449 | Crypt:3  | Reached skill level 27 in Fighting
 72778 | Crypt:3  | Found the +9 sword of Zonguldrok {reap}
 72969 | Crypt:3  | Noticed an ancient lich
 72983 | Crypt:3  | Killed an ancient lich
 73126 | Crypt:3  | Found an ancient bone altar of Kikubaaqudgha.
 73131 | Crypt:3  | Found a staircase to the Tomb.
 73155 | Crypt:3  | Got a steaming jade ring
 73155 | Crypt:3  | Got a scintillating glass ring
 73165 | Crypt:3  | Got a scorched bone ring
 73388 | Crypt:2  | Identified the ring of Sojuful {rN+ Int+3 Dex+3} (You found
                  | it on level 3 of the Crypt)
 73389 | Crypt:2  | Identified the ring of the Cicada {rElec rPois rN+ MR-
                  | Int+4} (You found it on level 3 of the Crypt)
 73390 | Crypt:2  | Identified the cursed ring "Olaxyomn" {Slay-4 SInv} (You
                  | found it on level 3 of the Crypt)
 74460 | Elf:2    | Learned a level 2 spell: Blink
 74464 | Elf:2    | Learned a level 3 spell: Frozen Ramparts
 74469 | Elf:2    | Learned a level 4 spell: Dispel Undead
 74476 | Elf:2    | Learned a level 6 spell: Statue Form
 74854 | Elf:2    | Reached skill level 1 in Spellcasting
 75275 | Vaults:1 | Killed eruonna's ghost
 75278 | Vaults:1 | Reached XP level 27. HP: 250/273 MP: 38/38
 76054 | Slime:1  | Entered Level 1 of the Pits of Slime
 76142 | Slime:2  | Paralysed by a floating eye for 3 turns
 76145 | Slime:2  | HP: 2/273 [azure jelly (12)]
 76145 | Slime:2  | Killed from afar by an acid blob

Illustrated notes

Levels and vault maps discovered:
D:1:      dpeg_arrival_boxorama, layout_basic
D:2:      layout_basic, lemuel_doored_altar, elyvilon_altar_4
D:3:      layout_loops_cross, chequers_ecumenical_altar_twisty,
          corexii_item_surrounded_by_moat, grunt_qazlal_sundering
D:4:      layout_cave_pools, grunt_temple_overflow_opulence, lemuel_round_altar,
          temple_pool_b, minmay_misc_feat_encased
D:5:      minmay_goblin_kobold_castle, layout_loops_ring,
          nicolae_gozag_zags_fifth_avenue
D:6:      layout_loops_ring, hangedman_abyss_or_decor_passed
D:7:      layout_loops_ring, minitemple, enter_bailey_8, st_stairs_13,
          chequers_serial_rivers_small_3
D:8:      layout_loops_corners, serial_shops, kennysheep_mini
D:9:      layout_cave_pools, uniq_erica, uniq_psyche
D:10:     minmay_goldmine, layout_irregular_city, lair_entry_dummy, basic_altar
D:11:     layout_small_grid, orc_0_dummy, kennysheep_kite_vault, uniq_fannar,
          uniq_maurice, uniq_erolcha
D:12:     layout_loops_corners, basic_altar, serial_shops, shop,
          lightli_church_of_beogh
D:13:     layout_basic, enter_trove_1
D:14:     layout_cave_pools, david_vaults_2, serial_park, grunt_decor_arrowhead,
          wad_rectangle_vault
D:15:     hangedman_depths_entry_civil_slaughter, layout_rooms,
          roderic_roman_lattice
Lair:1:   layout_gridlike, guppyfry_lair_drakes, uniq_joseph
Lair:2:   layout_regular_city, swamp_mist_pool,
          minmay_snake_entry_guardpost_small, basic_altar, beast_lair_carwin_3
Lair:3:   layout_chaotic_city, grunt_megastairs_1, infiniplex_staircase_pool_2,
          lemuel_fruit_fields, uniq_urug
Lair:4:   layout_regular_city, gauntlet_entry_generic, serial_bayou_shore_a,
          minmay_lair_oklob_chamber, uniq_rupert, uniq_josephine
Lair:5:   layout_regular_city, wad_woods_03
Lair:6:   cheibrodos_lair_end_hotspot, layout_regular_city, slime_altar_2,
          basic_altar, wad_woods_road_01, uniq_kirke
Swamp:1:  layout_falls_marsh, nicolae_swamp_fairy_circle, swamp_pool1,
          uniq_frances
Swamp:2:  layout_falls_marsh, hangedman_swamp_pad, swamp_pool1,
          nicolae_swamp_baby_hydras, infiniplex_staircase_pool
Swamp:3:  layout_basic_swamp, nicolae_swamp_rocky_clearing, uniq_mara
Swamp:4:  swamp_pestilence, layout_basic_swamp
Snake:1:  dpeg_oklob_gauntlet, layout_misc_corridors,
          portal_ice_cave_entry_pillars_1
Snake:2:  layout_layer_cave, grunt_megastairs_4, uniq_aizul, uniq_louise
Snake:3:  layout_cave_pods, nicolae_snake_lava_pool
Snake:4:  snake_pit, layout_cave_town, serial_shops, shop_fountains,
          minmay_shop_grid_forest
Slime:1:  layout_caves
Slime:2:  layout_caves, cheibrodos_slime_lost_civilization_4
Orc:1:    layout_diamond_mine, serial_shops, shop
Orc:2:    st_orc_mages, layout_diamond_mine, hangedman_minor_magic
Elf:1:    minmay_elf_arrival_circle, layout_loops_cross,
          gammafunk_ghost_abyssal_escape, hangedman_elven_crosses_minicolossus
Elf:2:    layout_geoelf_diagonals, serial_shops, shop
Elf:3:    minmay_elf_hall_statues, layout_geoelf_grid
Vaults:1: ebering_vaults_ghost_xom, v_pattern_4, v_misc_3, v_misc_16,
          nicolae_vaults_network_s, hangedman_vaults_slice, vaults_mumra_hex,
          hangedman_vaults_snaps, nicolae_vaults_little_squares_4,
          nicolae_vaults_little_squares_1, nicolae_vaults_rhombus_7,
          layout_vaults_omnibox, serial_hangedman_research,
          hangedman_research_thermodynamics, hangedman_research_toxicology,
          hangedman_research_probablistics, hangedman_research_convocations
Vaults:2: vaults_room_ringed_pool, hangedman_vaults_unwind,
          hangedman_vaults_trim, ontoclasm_vaults_ring_large,
          grunt_vaults_twisty, st_spiral_rooms,
          nicolae_vaults_diagonal_hallway_7, vaults_dpeg_cross,
          ontoclasm_vaults_eye, nicolae_vaults_little_squares_4,
          ontoclasm_vaults_fault, ontoclasm_vaults_decontamination,
          layout_vaults_big_room
Vaults:3: v_misc_8, nicolae_vaults_yaktaur_gun_rack, dpeg_vaults_monster_box,
          ontoclasm_vaults_gateway, layout_vaults_omnigrid
Vaults:4: hangedman_vaults_corner, ontoclasm_vaults_bender,
          grunt_tower_of_power, nicolae_vaults_network_square,
          vaults_room_corners, vaults_room_semicircle, grunt_vaults_funnel,
          v_misc_13, v_alt_pattern_6, vaults_dpeg_diagonal,
          nicolae_vaults_diagonal_hallway_6, nicolae_vaults_circle_grid_b,
          vaults_room_grid, grunt_vaults_hallway_long, layout_vaults_ring,
          basic_altar, serial_shops, shop, uniq_sojobo
Crypt:1:  layout_misc_corridors, grunt_ministairs_13, st_stairs_9,
          serial_sigils_hangedman_writhe, minivault_14, uniq_frederick
Crypt:2:  layout_regular_city
Crypt:3:  cryptofortress_bobbens
Depths:1: layout_forbidden_donut, enter_ziggurat_e, minmay_misc_feat_alley,
          hangedman_coc_ice_floe, rand_demon_pan_entry_3, abandoned_shop,
          corexii_corridor_pit, minmay_gold_behind_fungi, nicolae_blasting_shop,
          st_stairs_6, minmay_misc_feat_doors, drop_trap, horrible_house_mu,
          uniq_bai_suzhen
Depths:2: minmay_central_circle, layout_basic, grunt_metal_band,
          minmay_st_funbox, grunt_decor_one_mirror, minivault_16,
          minmay_misc_feat_rugged
Depths:3: cheibrodos_cascadia, layout_basic, grunt_hell_entry_dis_grunt,
          serial_shops, kennysheep_mini_moat, infiniplex_enter_wizlab_spiral,
          pan_entry, due_unseen_surprise
Depths:4: cheibrodos_poisonous_passages, layout_basic, abyss_entry,
          chequers_serial_rivers_large_a, hangedman_geh_valley,
          minmay_staircase_statues, minmay_shop_grove
Depths:5: grunt_x_marks_the_spot, layout_cave_shapes, kennysheep_doodads,
          hell_entry, uniq_margery, uniq_enchantress

Skill      XL: |  1  2  3  4  5  6  7  8  9 10 11 12 13 14 15 16 17 18 19 20 21 22 23 24 25 26 |
---------------+-------------------------------------------------------------------------------+-----
Fighting       | 4 5 6 7 8 10 12 14 16 18 19 21 22 23 24 25 26 27 | 27.0
Axes           | 5 6 7 8 9 11 12 13 15 16 17 18 19 20 22 23 24 25 26 27 | 27.0
Stealth        | 2 |  2.4
Armour         | 1 3 4 5 6 7 9 10 11 12 13 14 15 16 18 19 | 19.1
Dodging        | 3 4 5 6 7 8 9 10 11 12 13 | 13.4
Invocations    | 3 5 7 9 11 12 13 14 15 16 17 18 19 20 21 22 | 22.7
Throwing       | 2 3 4 5 6 8 9 |  9.7
Evocations     | 1 2 3 5 6 8 9 10 11 12 13 14 | 14.1
Maces & Flails | 2 3 4 6 |  6.7
Polearms       | 2 |  2.7
Spellcasting   | 1 |  1.2
Necromancy     | |  0.2
Translocations | |  0.1
Transmutations | |  0.2
Ice Magic      | |  0.3
Earth Magic    | |  0.5

Action                   |  1- 3 |  4- 6 |  7- 9 | 10-12 | 13-15 | 16-18 | 19-21 | 22-24 | 25-27 || total
-------------------------+-------+-------+-------+-------+-------+-------+-------+-------+-------++-------
Melee: Hand axe          |    87 |    82 |   373 |   375 |       |       |       |       |       ||   917
       War axe           |       |       |       |   300 |  1135 |  1280 |       |       |       ||  2715
       Dire flail        |       |       |       |     9 |    37 |    99 |       |       |       ||   145
       Battleaxe         |       |       |       |       |    62 |       |       |       |       ||    62
       Executioner's axe |       |       |       |       |       |   175 |   993 |   916 |   832 ||  2916
       Trident           |       |       |       |       |       |       |       |       |    35 ||    35
Throw: Dart              |       |       |    24 |    77 |     4 |       |       |       |       ||   105
       Javelin           |       |       |       |       |       |     2 |     2 |     4 |       ||     8
Invok: Upheaval          |       |       |       |     8 |     6 |    16 |    12 |     6 |     4 ||    52
       Elemental Force   |       |       |       |     2 |     3 |     5 |       |     1 |     1 ||    12
       Disaster Area     |       |       |       |       |       |     1 |       |     3 |     2 ||     6
Evoke: Wand              |       |       |    17 |    27 |     2 |    14 |     7 |     4 |       ||    71
       Box of beasts     |       |       |       |       |       |       |     5 |     9 |     1 ||    15
       Lightning rod     |       |       |       |       |       |       |     1 |    22 |    12 ||    35
       Condenser vane    |       |       |       |       |       |       |     1 |     7 |     5 ||    13
  Use: Scroll            |       |     3 |     8 |    14 |    17 |    19 |     8 |    11 |    11 ||    91
       Potion            |       |       |       |       |       |     1 |       |     2 |     1 ||     4
 Stab: Sleeping          |     4 |       |       |       |       |       |       |       |       ||     4
       Confused          |       |       |       |       |       |     6 |       |       |       ||     6
       Distracted        |       |       |       |       |       |     1 |     1 |     4 |     2 ||     8
Armor: Robe              |    12 |       |       |       |       |       |       |       |       ||    12
       Ring mail         |     6 |    24 |    16 |       |    28 |    10 |       |       |       ||    84
       Scale mail        |       |       |    90 |    29 |       |       |   310 |    57 |       ||   486
       Chain mail        |       |       |       |   250 |   170 |   317 |     1 |       |    20 ||   758
       Plate armour      |       |       |       |    15 |   409 |       |       |       |       ||   424
       Swamp dragon scal |       |       |       |       |       |   403 |       |       |       ||   403
       Crystal plate arm |       |       |       |       |       |       |       |   403 |   401 ||   804
Dodge: Dodged            |    59 |    52 |   287 |   389 |   572 |   832 |   393 |   329 |   259 ||  3172
       Repelled          |       |       |     4 |     4 |    16 |    60 |    25 |    13 |    11 ||   133
Block: Other             |       |     6 |    75 |   149 |   365 |   761 |   400 |   468 |   378 ||  2602
       Reflection        |       |       |       |       |       |     5 |    76 |    38 |    11 ||   130
       Rpst.: Executioner's axe |       |       |       |       |       |       |    52 |    56 |    40 ||   148
       Trident           |       |       |       |       |       |       |       |       |     5 ||     5

Table legend: (Time is in decaauts)
 A = Elapsed time spent in this place.
 B = Non-inter-level travel time spent in this place.
 C = Inter-level travel time spent in this place.
 D = Time resting spent in this place.
 E = Time spent auto-exploring this place.
 F = Levels seen in this place.
 G = Mean time per level.
                   A        B        C        D        E       F      G
               +--------+--------+--------+--------+--------+-----+--------+
         Total |  75258 |  65727 |   9531 |  16260 |  35199 |  51 | 1475.6 |
       Dungeon |  22324 |  18690 |   3634 |   4341 |  10450 |  15 | 1488.3 |
          Lair |   9048 |   7560 |   1488 |   1307 |   4889 |   6 | 1508.0 |
         Swamp |   6183 |   5595 |    588 |   1583 |   2849 |   4 | 1545.8 |
     Snake Pit |   6386 |   5805 |    581 |   1576 |   3130 |   4 | 1596.5 |
    Slime Pits |     82 |     82 |      0 |     49 |      0 |   2 |   41.0 |
  Orcish Mines |   1895 |   1428 |    467 |    228 |    588 |   2 |  947.5 |
   Elven Halls |   6014 |   5225 |    789 |   1847 |   2309 |   3 | 2004.7 |
        Vaults |   7504 |   6889 |    615 |   1254 |   4195 |   4 | 1876.0 |
         Crypt |   3223 |   2986 |    237 |    367 |   1661 |   3 | 1074.3 |
        Depths |   9171 |   8042 |   1129 |   2471 |   3975 |   5 | 1834.2 |
        Bailey |   1726 |   1726 |      0 |    550 |    646 |   1 | 1726.0 |
      Ice Cave |    984 |    984 |      0 |    403 |    361 |   1 |  984.0 |
        Wizlab |    713 |    713 |      0 |    283 |    144 |   1 |  713.0 |
               +--------+--------+--------+--------+--------+-----+--------+

Top non-repeatable levels by time:
    D:10: 4290 daAuts
 Snake:3: 2629 daAuts
   Elf:3: 2576 daAuts
Vaults:1: 2445 daAuts
Depths:1: 2419 daAuts
Depths:4: 2218 daAuts
   Elf:1: 2053 daAuts
Depths:3: 2036 daAuts
Vaults:2: 2013 daAuts
  Lair:2: 1915 daAuts
 Swamp:4: 1887 daAuts
    D:11: 1876 daAuts
     D:8: 1799 daAuts
  Bailey: 1726 daAuts
  Lair:6: 1613 daAuts
